 Dungeon Crawl Stone Soup version 0.24-a0-434-gd57e52fea8 (webtiles) character file.

Game seed: 6478908524248760883

52 mhoghedin the Conjurer (level 3, -1/26 HPs)
             Began as a Draconian Conjurer on June 16, 2019.
             Slain by an orc
             ... wielding a +0 trident
              (11 damage)
             ... on level 2 of the Dungeon.
             The game lasted 00:02:57 (1661 turns).

mhoghedin the Conjurer (Draconian Conjurer)         Turns: 1661, Time: 00:02:58

Health: -1/26      AC:  5    Str: 10    XL:     3   Next: 60%
Magic:  3/7        EV: 11    Int: 16    God:
Gold:   22         SH:  3    Dex: 11    Spells: 4/7 levels left

rFire    . . .     SeeInvis .   c - +0 club
rCold    . . .     Gourm    .   d - +0 buckler
rNeg     . . .     Faith    .   (armour unavailable)
rPois    .         Spirit   .   (helmet restricted)
rElec    .         Reflect  .   (no cloak)
rCorr    .         Harm     .   (no gloves)
MR       .....                  (no boots)
Stlth    ++........             k - amulet of rage {+Rage, !d}
HPRegen  0.08/turn              (no ring)
MPRegen  0.10/turn              (no ring)

@: no status effects
A: unfitting armour, cold-blooded, AC +5
a: Evoke Berserk Rage


You were on level 2 of the Dungeon.
You were not hungry.

You visited 1 branch of the dungeon, and saw 2 of its levels.

You collected 22 gold pieces.

Inventory:

Hand Weapons
 c - a +0 club (weapon)
   (You took it off a hobgoblin on level 1 of the Dungeon)
Armour
 d - a +0 buckler (worn)
   (You found it on level 1 of the Dungeon)
Jewellery
 k - an amulet of rage (around neck) {+Rage, !d}
   (You found it on level 2 of the Dungeon)
Scrolls
 a - a scroll of random uselessness {unknown}
 e - a scroll of enchant armour
 f - a scroll of amnesia
 i - 2 scrolls of identify
Potions
 g - a potion of ambrosia {unknown}
 h - a potion of cancellation
 j - a potion of flight {unknown}
Comestibles
 b - 3 rations


   Skills:
 + Level 0.2 Fighting
 - Level 1.7 Dodging
 - Level 1.7 Stealth
 + Level 0.2 Shields
 - Level 2.9 Spellcasting
 - Level 4.7 Conjurations


You had 4 spell levels left.
You knew the following spells:

 Your Spells              Type           Power        Failure   Level  Hunger
a - Magic Dart            Conj           ###.         4%          1    #......
b - Searing Ray           Conj           ###...       7%          2    ##.....

Your spell library contained the following spells:

 Spells                   Type           Power        Failure   Level  Hunger
 Dazzling Spray           Conj/Hex       #.....       34%         3    ###....
 Iskenderun's Mystic Bla  Conj           ###.....     41%         4    #####..
 Force Lance              Conj/Tloc      #.......     75%         4    #####..
 Fulminant Prism          Conj/Hex       #.........   75%         4    #####..


Dungeon Overview and Level Annotations

Branches:
Dungeon (2/15)

Altars:
Dithmenos


Innate Abilities, Weirdness & Mutations

Your plain brown scales are hard. (AC +5)
You cannot fit into any form of body armour.
You are cold-blooded and may be slowed by cold attacks.


Message History

As you read the scroll labeled PUTUBBECOD, it crumbles to dust.
It is a scroll of amnesia.
Really abort (and waste the scroll)? [Y]es or [N]o only, please.
Really abort (and waste the scroll)?
Okay, then.
k - an amulet of rage (around neck)
As you read the scroll labeled UTOXKU MAOH, it crumbles to dust.
It is a scroll of identify.
h - a potion of cancellation
As you read the scroll of identify, it crumbles to dust.
e - a scroll of enchant armour You start putting on your armour.
You continue putting on your buckler. x4
You finish putting on your +0 buckler.
i - a scroll of identify A goblin comes into view.
MP restored: 7 A goblin is nearby!
Aim: a goblin (resting)
The magic dart hits the goblin.
The goblin shouts!
You now have 6/7 mp.
Aim: a goblin (moderately wounded)
The magic dart hits the goblin.
You now have 5/7 mp.
Aim: a goblin (severely wounded)
The magic dart hits the goblin.
You kill the goblin!
You now have 4/7 mp.
You can't see any susceptible monsters within range! (Use Z to cast anyway.)
You can't see any susceptible monsters within range! (Use Z to cast anyway.)
j - a smoky pink potion
i - 2 scrolls of identify (gained 1)
You open the door.
There is an open door here.
A frilled lizard comes into view.
You see here a mace.
MP restored: 7 A frilled lizard is nearby!
A frilled lizard is nearby!
Aim: a frilled lizard (hasn't noticed you)
The magic dart hits the frilled lizard.
You kill the frilled lizard!
You now have 6/7 mp.
You can't see any susceptible monsters within range! (Use Z to cast anyway.)
You can't see any susceptible monsters within range! (Use Z to cast anyway.)
b - 3 rations (gained 1)
You open the door.
There is an open door here.
You open the door. 3 orcs come into view.
The orc shouts!
MP restored: 7
There are monsters nearby!
What are your orders? t - Shout!
Orders for allies: a - Attack new target. r - Retreat! s - Stop attacking. g - Guard the area. f - Follow me.
Anything else - Cancel.
You shout for attention!
The orc shouts!
There is an open door here.
There is an open door here.
Aim: an orc, wielding a +0 short sword and wearing a +0 scale mail The searing ray hits the orc but does no damage. (Press . to maintain the ray.)
You now have 5/7 mp.
The searing ray misses the orc.
The searing ray hits the orc but does no damage.
The orc misses you.
The orc hits you from afar with a +0 trident.
You take 6 damage, and have 20/26 hp.
MASSIVE DAMAGE!!
You now have 4/7 mp.
The searing ray hits the orc.
You kill the orc!
You now have 3/7 mp.
The searing ray hits the orc.
The searing ray misses the orc.
You finish channeling your searing ray.
The orc hits you from afar with a +0 trident.
You take 6 damage, and have 14/26 hp.
MASSIVE DAMAGE!!
You now have 2/7 mp.
The orc hits you but does no damage.
Things that are here:
a +0 short sword; a +0 scale mail You hit the orc but do no damage.
The orc barely misses you. The orc closely misses you.
You hit the orc. You block the orc's attack.
You hit the orc but do no damage. The orc hits you with a +0 trident.
You take 3 damage, and have 11/26 hp.
You hit the orc but do no damage.
Your tail-slap misses the orc.
The orc completely misses you.
You hit the orc but do no damage.
Your tail-slap misses the orc.
The orc hits you with a +0 trident.
You take 1 damage, and have 10/26 hp.
You hit the orc but do no damage. The orc closely misses you.
The orc hits you but does no damage.
You hit the orc but do no damage. The orc hits you with a +0 trident!
You die...

# #. #.. ###########.
#... #...........
#.... #....†......
#.....####...........
+.....oo@'............
#.....####............
..... #............
#### #............
#...)........
#............
#............
#####'###### #.#


You could see 2 orcs.

Vanquished Creatures
  An adder (D:2)
  A worm (D:2)
  2 dart slugs (D:1)
  An orc (D:2)
  A ball python (D:1)
  2 giant cockroaches
  7 hobgoblins
  3 jackals (D:1)
  3 bats (D:1)
  3 frilled lizards
  5 goblins
  2 kobolds (D:1)
  3 rats (D:1)
34 creatures vanquished.

Notes
Turn   | Place    | Note
-------+----------+-------------------------------------------
     0 | D:1      | mhoghedin the Draconian Conjurer began the quest for the
                  | Orb.
     0 | D:1      | Reached XP level 1. HP: 14/14 MP: 3/3
   250 | D:1      | Reached XP level 2. HP: 20/20 MP: 0/5
   307 | D:1      | Learned a level 2 spell: Searing Ray
  1108 | D:1      | Reached XP level 3. HP: 26/26 MP: 0/7
  1489 | D:2      | Found a shadowy altar of Dithmenos.
  1661 | D:2      | Slain by an orc

Levels and vault maps discovered:
D:1:      shiori_arrival_oz, layout_basic
D:2:      minmay_door_path, layout_basic, grunt_dithmenos_smoke, first_ration,
          feat_on_display

Action                   || total
-------------------------++-------
Melee: Club              ||    58
       Unarmed           ||     4
       Tailslap          ||     6
 Cast: Magic Dart        ||    50
       Searing Ray       ||     4
  Use: Scroll            ||     3
  Eat: Chunk             ||     3
Armor: Skin              ||    28
Dodge: Dodged            ||    57
Block: Buckler           ||     1

Table legend:
 A = Non-vault XP
 B = Vault XP
 C = Vault XP percentage of total XP
 D = Non-vault monster count
 E = Vault monster count
 F = Vault count percentage of total count
                 A         B        C        D         E       F
            +---------+---------+-------+---------+---------+-------
      Total |      73 |       2 |   2.7 |      33 |       1 |   2.9
            +---------+---------+-------+---------+---------+-------
        D:1 |      42 |       2 |   4.5 |      24 |       1 |   4.0
        D:2 |      31 |       0 |   0.0 |       9 |       0 |   0.0
            +---------+---------+-------+---------+---------+-------

Levels and vault maps discovered:
D:1:      shiori_arrival_oz, layout_basic
D:2:      minmay_door_path, layout_basic, grunt_dithmenos_smoke, first_ration,
          feat_on_display

Table legend:
 A = Turns spent in this place as a percentage of turns spent in the entire game.
 B = Non-inter-level travel turns spent in this place as a percentage of non-inter-level travel turns spent in the entire game.
 C = Inter-level travel turns spent in this place as a percentage of turns spent in this place.
 D = Turns resting spent in this place as a percentage of non-inter-level travel turns spent in this place.
 E = Turns spent auto-exploring this place as a percentage of non-inter-level travel turns spent in this place.
 F = Non-inter-level travel turns spent in this place divided by the number of levels of this place that you've seen.
                   A       B       C       D       E      F
               +-------+-------+-------+-------+-------+----------------------
         Total | 100.0 | 100.0 |   0.6 |  42.8 |  38.9 | 825.5
       Dungeon | 100.0 | 100.0 |   0.6 |  42.8 |  38.9 | 825.5
               +-------+-------+-------+-------+-------+----------------------

Table legend:
 A = Kills in this place as a percentage of kills in entire the game.
 B = Kills by you in this place as a percentage of kills by you in the entire game.
 C = Kills by friends in this place as a percentage of kills by friends in the entire game.
 D = Other kills in this place as a percentage of other kills in the entire game.
 E = Experience gained in this place as a percentage of experience gained in the entire game.
 F = Experience gained in this place divided by the number of levels of this place that you have seen.
                   A       B       C       D       E      F
               +-------+-------+-------+-------+-------+----------------------
         Total | 100.0 | 100.0 |   N/A |   N/A | 100.0 |  37.5
       Dungeon | 100.0 | 100.0 |   N/A |   N/A | 100.0 |  37.5
               +-------+-------+-------+-------+-------+----------------------
